 Dungeon Crawl Stone Soup version 0.23-a0-143-g1adec7b (webtiles) character file.

91832 grindst0ne the Severer (level 16, -4/127 HPs)
             Began as a Human Berserker on Sept 4, 2018.
             Was the Champion of Trog.
             Slain by a dire elephant (22 damage)
             ... on level 6 of the Lair of Beasts.
             The game lasted 00:56:01 (22451 turns).

grindst0ne the Severer (Human Berserker)           Turns: 22451, Time: 00:56:03

Health: -4/127     AC: 26    Str: 25    XL:     16   Next: 51%
Magic:  20/20      EV: 23    Int:  7    God:    Trog [******]
Gold:   885        SH:  0    Dex: 23    Spells: 15/15 levels left

rFire    . . .     SeeInvis +   t - +4 executioner's axe (freeze)
rCold    . . .     Gourm    .   (shield currently unavailable)
rNeg     . . .     Faith    .   O - +3 chain mail {rPois}
rPois    +         Spirit   .   Q - +2 helmet
rElec    .         Reflect  .   I - +0 cloak
rCorr    .         Harm     .   P - +0 pair of gloves
MR       +....                  K - +2 pair of boots of the Gate {Dex+5}
Stlth    ..........             a - amulet of rage
HPRegen  0.31/turn              j - ring of see invisible
MPRegen  0.17/turn              S - +3 ring of evasion

@: agile, berserk cooldown, hasted and slowed
A: no striking features
a: Berserk, Trog's Hand, Brothers in Arms, Renounce Religion, Evoke Berserk Rage


You were on level 6 of the Lair of Beasts.
You worshipped Trog.
Trog was exalted by your worship.
You were not hungry.

You visited 2 branches of the dungeon, and saw 19 of its levels.
You also visited: Ossuary and Bailey.

You collected 1189 gold pieces.
You spent 304 gold pieces at shops.

Inventory:

Hand Weapons
 t - a +4 executioner's axe of freezing (weapon)
 H - a +5 morningstar of freezing
Missiles
 m - 18 javelins (quivered)
 C - 2 throwing nets
Armour
 I - a +0 cloak (worn)
 K - the +2 pair of boots of the Gate (worn) {Dex+5}
   (You bought it in a shop on level 8 of the Dungeon)

   It affects your dexterity (+5).
 O - a +3 chain mail of poison resistance (worn)
 P - a +0 pair of gloves (worn)
 Q - a +2 helmet (worn)
Jewellery
 a - an amulet of rage (around neck)
 j - a ring of see invisible (left hand)
 F - the ring of Lucidity {*Tele +Blink rN+}
   (You found it on level 4 of the Lair of Beasts)

   [ring of teleportation]

   It may teleport you next to monsters.
   It protects you from negative energy.
   It lets you blink.
 S - a +3 ring of evasion (right hand)
 V - an uncursed ring of protection from fire {unknown}
 W - an uncursed ring of positive energy {unknown}
 X - an uncursed ring of magical power
Wands
 q - a wand of random effects (22)
 D - a wand of digging (16)
 U - a wand of clouds (2)
Scrolls
 f - 3 scrolls of enchant armour
 h - 15 scrolls of teleportation
 i - 6 scrolls of remove curse
 l - a scroll of identify
 o - 3 scrolls of fog
 p - 4 scrolls of immolation
 r - 3 scrolls of random uselessness {unknown}
 u - 5 scrolls of fear
 w - a scroll of magic mapping
 z - 3 scrolls of amnesia
 A - 5 scrolls of blinking
Potions
 b - a potion of magic
 d - 6 potions of curing
 e - 2 potions of agility
 g - 3 potions of mutation
 k - 2 potions of flight
 n - 3 potions of might
 s - a potion of berserk rage
 v - 5 potions of lignification
 x - 3 potions of brilliance
 B - a potion of haste
 E - 4 potions of resistance
 G - 2 potions of heal wounds
 L - a potion of cancellation
 R - 2 potions of invisibility
 T - a potion of ambrosia
Miscellaneous
 N - a phantom mirror
Comestibles
 c - 41 rations


   Skills:
 - Level 12.0 Fighting
   Level 2.0 Short Blades
 * Level 17.1 Axes
 - Level 14.0 Armour
 - Level 8.0 Dodging
 - Level 0.1 Stealth
 - Level 6.5 Evocations


You had 15 spell levels left.
You didn't know any spells.
Your spell library was empty.

Dungeon Overview and Level Annotations

Branches:
Dungeon (13/15)            Temple (0/1) D:5            Lair (6/6) D:11
 Shoals (0/4) Lair:2       Spider (0/4) Lair:3        Slime (0/5) Lair:6
    Orc (0/2) D:9
 Vaults: D:13-14

Altars:
Ashenzari
Elyvilon
Gozag
Hepliaklqana
Kikubaaqudgha
Nemelex Xobeh
Okawaru
Sif Muna
Uskayaw
Wu Jian
Xom
Zin
The Shining One
Jiyva

Shops:
D:8 [   D:10 %

Annotations:
Lair:3 exclusion: 2 oklob plants


Message History

The dire elephant completely misses you. x2
You slash the dire elephant! You freeze the dire elephant.
The dire elephant is lightly wounded.
The dire elephant closely misses you.
The dire elephant trunk-slaps you but does no damage.
The dire elephant completely misses you.
The dire elephant trunk-slaps you but does no damage.
You slice the dire elephant!! You freeze the dire elephant.
The dire elephant is moderately wounded.
The dire elephant tramples you!!
You hold your ground!
The dire elephant trunk-slaps you.
* * * LOW HITPOINT WARNING * * *
The dire elephant tramples you but does no damage.
The dire elephant trunk-slaps you but does no damage.
You feel yourself speed up. The dire elephant tramples you!
* * * LOW HITPOINT WARNING * * *
You hold your ground!
The dire elephant trunk-slaps you but does no damage.
The dire elephant tramples you!!
You die...

####### #.#...### ###.P.....##
##..........♣ #...#....##♣8♣ #
#########''##'### ##
##≈≈.##8.Y..#8.8# .#
+≈≈≈..'..@..#...# .#
+≈≈≈≈.#8.####.#.# .#
#≈≈≈≈P####....#+#
.#######.≈≈≈≈#....####
###8.8###.≈###.####
##8.⌠.8#####...###♣♣#
.............###....♣##
###'''########♣.......♣####♣#####
................................#


You could see a dire elephant.

Vanquished Creatures
  An orc warlord (Bailey)
  Josephine (Lair:3)
  Erolcha (D:12)
  5 hydras
  Harold (D:8)
  An anaconda (Lair:6)
  2 two-headed ogres
  A catoblepas (Lair:6)
  A queen ant (D:9)
  6 death yaks
  A tengu warrior (D:11)
  Sonja (Lair:1)
  An unseen horror (D:11)
  Pikel (D:4)
  An orc knight (Bailey)
  An oklob plant (Lair:6)
  13 elephants
  6 black mambas
  A merfolk siren (Lair:2)
  Psyche (D:12)
  2 gargoyles
  8 rime drakes
  8 spiny frogs
  12 komodo dragons
  2 polar bears
  4 trolls
  2 jumping spiders (Lair:3)
  15 blink frogs
  Prince Ribbit (D:8)
  8 hippogriffs
  4 slime creatures (D:12)
  7 dream sheep (Lair:6)
  A meliai zombie (D:13)
  2 shadows
  3 redbacks (Lair:3)
  7 spriggans
  A wyvern (Lair:4)
  3 wraiths
  29 yaks
  3 basilisks
  Grum (D:8)
  2 steam dragons
  A hungry ghost (D:9)
  2 insubstantial wisps (D:7)
  9 soldier ants
  8 water moccasins
  7 porcupines
  12 orc warriors
  4 ice beasts
  3 phantoms
  2 black bears
  3 sky beasts (D:7)
  An ogre (D:10)
  51 wolves
  7 centaurs
  15 crocodiles
  A big kobold (D:8)
  15 bullfrogs
  6 scorpions
  A water moccasin skeleton (D:7)
  A killer bee (D:9)
  20 wights
  2 electric eels (Lair:4)
  A howler monkey (D:5)
  5 jellies
  11 crimson imps
  4 bullfrog zombies
  4 centaur zombies
  4 orc priests
  A bullfrog skeleton (D:6)
  6 hounds
  A centaur skeleton (D:9)
  2 iguanas (D:4)
  9 orc wizards
  11 mummies (Ossuary)
  26 worker ants
  A hound zombie (Ossuary)
  A hound skeleton (D:11)
  2 worker ant zombies
  2 howler monkey zombies (Ossuary)
  16 gnolls
  8 adders
  3 shadow imps
  4 oozes
  3 adder zombies
  A worm (D:3)
  3 dart slugs
  3 leopard geckos
  42 orcs
  5 ball pythons
  7 bats
  8 giant cockroaches
  26 goblins
  20 hobgoblins
  9 jackals
  4 quokkas
  4 frilled lizards
  A jackal zombie (D:8)
  13 kobolds
  2 leopard gecko zombies (Ossuary)
  A quokka skeleton (D:4)
  2 quokka zombies
  6 rats
  3 fungi
  3 plants
631 creatures vanquished.

Vanquished Creatures (others)
  4 fungi (Lair:6)
  30 plants
  3 withered plants (Ossuary)
37 creatures vanquished.

Grand Total: 668 creatures vanquished

Notes
Turn   | Place    | Note
-------+----------+-------------------------------------------
     0 | D:1      | grindst0ne the Human Berserker began the quest for the Orb.
     0 | D:1      | Reached XP level 1. HP: 18/18 MP: 1/1
   107 | D:1      | Reached XP level 2. HP: 20/24 MP: 2/2
   334 | D:1      | Reached XP level 3. HP: 16/29 MP: 3/3
   904 | D:2      | Found a faded altar of an unknown god.
   928 | D:2      | Reached ** piety under Trog
   928 | D:2      | Reached XP level 4. HP: 18/35 MP: 4/4
  1295 | D:2      | Reached skill level 1 in Short Blades
  1710 | D:2      | Found a deep blue altar of Sif Muna.
  1710 | D:2      | Found a hide-covered altar of Uskayaw.
  1712 | D:2      | Found an opulent altar of Gozag.
  2002 | D:3      | Found a shattered altar of Ashenzari.
  2068 | D:3      | Noticed an ice beast
  2078 | D:3      | Killed an ice beast
  2078 | D:3      | Reached XP level 5. HP: 32/42 MP: 5/5
  2334 | D:3      | Found a glowing golden altar of the Shining One.
  2337 | D:3      | Found a shimmering altar of Xom.
  2340 | D:3      | Found a hazy altar of Hepliaklqana.
  2382 | D:3      | Reached skill level 4 in Axes
  2382 | D:3      | Reached XP level 6. HP: 48/48 MP: 6/6
  2727 | D:4      | Reached XP level 7. HP: 16/55 MP: 7/7
  2819 | D:4      | Reached skill level 5 in Fighting
  2821 | D:4      | Reached skill level 5 in Axes
  2824 | D:4      | HP: 1/84 [gnoll/flail (10)]
  2890 | D:4      | Found a sand-covered staircase.
  2892 | D:4      | Noticed Pikel
  2914 | D:4      | Killed Pikel
  2914 | D:4      | Reached skill level 6 in Axes
  2914 | D:4      | Reached XP level 8. HP: 21/65 MP: 8/8
  2934 | Ossuary  | Entered an ossuary
  3641 | Ossuary  | Reached skill level 7 in Axes
  3965 | Ossuary  | Reached *** piety under Trog
  4128 | Ossuary  | Reached XP level 9. HP: 66/72 MP: 9/9
  4310 | D:4      | Found a glowing silver altar of Zin.
  4688 | D:4      | Reached skill level 11 in Axes
  4688 | D:4      | Reached XP level 10. HP: 88/88 MP: 10/10
  5308 | D:5      | Entered Level 5 of the Dungeon
  5659 | D:5      | Found a staircase to the Ecumenical Temple.
  6551 | D:6      | Found an ancient bone altar of Kikubaaqudgha.
  7008 | D:7      | Reached skill level 1 in Evocations
  8260 | D:8      | Noticed Grum
  8479 | D:8      | Killed Grum
  8485 | D:8      | Reached **** piety under Trog
  8544 | D:8      | Noticed Harold
  8551 | D:8      | Killed Harold
  8551 | D:8      | Reached skill level 12 in Axes
  8551 | D:8      | Reached XP level 11. HP: 95/95 MP: 13/13
  8995 | D:8      | Noticed Prince Ribbit
  9001 | D:8      | Killed Prince Ribbit
  9131 | D:8      | Found an ornate altar of the Wu Jian Council.
  9358 | D:8      | Found a shimmering altar of Xom.
  9395 | D:8      | Found Muoq's Antique Armour Boutique.
  9401 | D:8      | Bought a pair of transparent boots for 304 gold pieces
  9406 | D:8      | Identified the +2 pair of boots of the Gate {Dex+5} (You
                  | bought it in a shop on level 8 of the Dungeon)
  9579 | D:8      | Found a white marble altar of Elyvilon.
  9619 | D:9      | Found an iron altar of Okawaru.
  9631 | D:9      | Reached skill level 5 in Evocations
  9658 | D:9      | Found a staircase to the Orcish Mines.
  9966 | D:9      | Noticed a two-headed ogre
  9976 | D:9      | Killed a two-headed ogre
 10038 | D:9      | Reached ***** piety under Trog
 10777 | D:9      | Reached skill level 5 in Armour
 10992 | D:9      | Noticed a queen ant
 11007 | D:9      | Killed a queen ant
 11103 | D:9      | Reached XP level 12. HP: 90/102 MP: 16/16
 11384 | D:9      | Found a sparkling altar of Nemelex Xobeh.
 11665 | D:10     | Entered Level 10 of the Dungeon
 11665 | D:10     | Found Pampi's Food Emporium.
 11675 | D:10     | Noticed a five-headed hydra
 11683 | D:10     | Killed a five-headed hydra
 11803 | D:10     | Found a flagged portal.
 11809 | Bailey   | Entered a bailey
 12151 | Bailey   | Received a gift from Trog
 12303 | Bailey   | Noticed an orc warlord
 12329 | Bailey   | Killed an orc warlord
 12417 | Bailey   | Reached XP level 13. HP: 108/108 MP: 17/17
 12418 | Bailey   | Reached XP level 14. HP: 115/115 MP: 18/18
 13752 | D:11     | Found a staircase to the Lair.
 14704 | D:12     | Noticed Erolcha
 14715 | D:12     | Killed Erolcha
 14715 | D:12     | Reached XP level 15. HP: 97/120 MP: 19/19
 14971 | D:12     | Noticed Psyche
 14976 | D:12     | Killed Psyche
 15370 | D:13     | Received a gift from Trog
 15464 | Lair:1   | Entered Level 1 of the Lair of Beasts
 15489 | Lair:1   | Noticed Sonja
 15502 | Lair:1   | Killed Sonja
 16383 | Lair:2   | Reached skill level 13 in Axes
 16430 | Lair:2   | Found a staircase to the Shoals.
 17843 | Lair:3   | Found a hole to the Spider Nest.
 17890 | Lair:3   | Reached ****** piety under Trog
 17974 | Lair:3   | Reached skill level 14 in Axes
 18858 | Lair:4   | Noticed Josephine
 18872 | Lair:3   | Killed Josephine
 19085 | Lair:4   | Got a sparkling iron ring
 19171 | Lair:4   | Received a gift from Trog
 19984 | Lair:4   | You fall through a shaft for 2 floors!
 19984 | Lair:6   | Entered Level 6 of the Lair of Beasts
 20002 | Lair:6   | Reached skill level 15 in Axes
 20282 | Lair:6   | Reached XP level 16. HP: 77/127 MP: 20/20
 20482 | Lair:5   | Received a gift from Trog
 20555 | Lair:5   | Reached skill level 16 in Axes
 20934 | Lair:5   | Identified the ring of Lucidity {*Tele +Blink rN+} (You
                  | found it on level 4 of the Lair of Beasts)
 21838 | Lair:6   | Reached skill level 17 in Axes
 22005 | Lair:6   | Found a viscous altar of Jiyva.
 22006 | Lair:6   | Found a staircase to the Slime Pits.
 22056 | Lair:6   | Received a gift from Trog
 22451 | Lair:6   | Slain by a dire elephant

Vault maps used:
D:1:      erik_arrival_gehennom
D:2:      nicolae_overflow_hidden_temple, chequers_ecumenical_altar_simple,
          minmay_octomino_c4
D:3:      grunt_temple_overflow_diamond, ashenzari_conservatory_becter,
          first_ration
D:4:      lemuel_crystal_altar, nicolae_ossuary_entry_ruins, uniq_pikel
D:5:      temple_fountains
D:6:      basic_altar
D:7:      the_bakery, hangedman_misty_isle
D:8:      marbit_many_paths, overflow_temple_1_default, basic_altar,
          serial_shops, shop, uniq_grum, uniq_prince_ribbit1, uniq_harold
D:9:      kb_forest_paths, lemuel_round_altar, okawaru_gym_becter, orc_0_dummy,
          zaba_antful_of_joy
D:10:     enter_bailey_3, serial_shops, shop, kennysheep_nondescript
D:11:     dpeg_lair_monsters
D:12:     nrook_mini_vaults, uniq_erolcha, uniq_psyche
D:13:     uniq_urug, uniq_nessos
Lair:1:   infiniplex_staircase_pool_2, uniq_sonja
Lair:2:   elwin_shoals_entry_rooms, serial_bayou_shore_b, serial_bayou_shore_b,
          lemuel_fruit_tree, grunt_megastairs_1
Lair:3:   nicolae_spider_entry_tight_spaces, nicolae_lair_grove_arrangements,
          minmay_lair_oklob_chamber, lemuel_fruit_fields
Lair:4:   small_statue_intersection, grunt_forest_stairs_clearing,
          serial_bayou_shore_a, uniq_josephine
Lair:5:   grunt_forest_large_clearings
Lair:6:   due_jungle_book, dpeg_slime_entry_enclosed_altar,
          minmay_lair_oklob_items
Ossuary:  ossuary_zaba_flooded
Bailey:   bailey_axe_minmay_hex_keep, bailey

Skill      XL: |  1  2  3  4  5  6  7  8  9 10 11 12 13 14 15 16 |
---------------+-------------------------------------------------+-----
Short Blades   | 2 |  2.0
Fighting       | 4 6 7 11 12 | 12.0
Axes           | 4 6 7 11 12 15 17 | 17.1
Evocations     | 3 6 |  6.5
Armour         | 6 12 14 | 14.0
Dodging        | 7 8 |  8.0
Stealth        | |  0.1

Action                   |  1- 3 |  4- 6 |  7- 9 | 10-12 | 13-15 | 16-18 || total
-------------------------+-------+-------+-------+-------+-------+-------++-------
Melee: Hand axe          |    74 |    67 |   232 |   278 |       |       ||   651
       Dagger            |    60 |    92 |       |       |       |       ||   152
       Morningstar       |       |       |       |   314 |    14 |     8 ||   336
       War axe           |       |       |       |   110 |   254 |       ||   364
       Executioner's axe |       |       |       |       |   360 |   242 ||   602
Invok: Berserk           |     1 |     4 |     7 |    19 |     6 |     3 ||    40
       Trog's Hand       |       |       |     5 |     3 |     2 |       ||    10
Evoke: Wand              |       |       |       |       |     5 |     1 ||     6
  Use: Scroll            |     5 |     3 |     6 |     8 |     6 |     3 ||    31
       Potion            |       |       |     2 |     7 |     2 |     2 ||    13
 Stab: Sleeping          |     1 |       |       |       |       |       ||     1
       Invisible         |       |       |       |       |     1 |       ||     1
  Eat: Chunk             |     1 |     5 |     5 |    22 |    30 |     7 ||    70
       Ration            |       |     1 |     3 |     7 |     1 |     1 ||    13
Armor: Animal skin       |    34 |       |       |       |       |       ||    34
       Scale mail        |     2 |    54 |    51 |    99 |       |       ||   206
       Chain mail        |       |       |       |   209 |   388 |   158 ||   755
Dodge: Dodged            |    92 |    88 |    91 |   319 |   594 |   299 ||  1483

Table legend:
 A = Non-vault XP
 B = Vault XP
 C = Vault XP percentage of total XP
 D = Non-vault monster count
 E = Vault monster count
 F = Vault count percentage of total count
                 A         B        C        D         E       F
            +---------+---------+-------+---------+---------+-------
      Total |   58009 |   32954 |  36.2 |     397 |     228 |  36.5
            +---------+---------+-------+---------+---------+-------
        D:1 |      37 |      18 |  32.7 |      20 |       5 |  20.0
        D:2 |      44 |      11 |  20.0 |      12 |       5 |  29.4
        D:3 |     179 |       0 |   0.0 |      13 |       0 |   0.0
        D:4 |     423 |     685 |  61.8 |      16 |       1 |   5.9
        D:5 |     557 |       0 |   0.0 |      22 |       0 |   0.0
        D:6 |     320 |       0 |   0.0 |      14 |       0 |   0.0
        D:7 |     591 |    1221 |  67.4 |      12 |       9 |  42.9
        D:8 |    1372 |    1581 |  53.5 |      32 |       5 |  13.5
        D:9 |    1065 |    5159 |  82.9 |      10 |      42 |  80.8
       D:10 |    2811 |    2630 |  48.3 |      33 |       6 |  15.4
       D:11 |    4184 |    2621 |  38.5 |      17 |       4 |  19.0
       D:12 |    3929 |    1437 |  26.8 |      26 |       2 |   7.1
       D:13 |     728 |       0 |   0.0 |       9 |       0 |   0.0
     Lair:1 |    3895 |     788 |  16.8 |      15 |       1 |   6.2
     Lair:2 |    5289 |     809 |  13.3 |      19 |       2 |   9.5
     Lair:3 |    4283 |    3157 |  42.4 |      21 |      10 |  32.3
     Lair:4 |    4278 |    1206 |  22.0 |      18 |       7 |  28.0
     Lair:5 |    5828 |    3652 |  38.5 |      22 |      29 |  56.9
     Lair:6 |   18196 |    3489 |  16.1 |      66 |       6 |   8.3
    Ossuary |       0 |     675 | 100.0 |       0 |      25 | 100.0
     Bailey |       0 |    3815 | 100.0 |       0 |      69 | 100.0
            +---------+---------+-------+---------+---------+-------
